 Dungeon Crawl Stone Soup version 0.29.1-13-g9f3cf754e1 (webtiles) character file.

Game seed: 3369981153466972756

1737 tesmudgin the Cleaver (level 8, -4/70 HPs)
             Began as a Minotaur Fighter on Jan 24, 2023.
             Slain by a gnoll
             ... wielding a +0 club
             ... led by a gnoll bouda
              (5 damage)
             ... on level 6 of the Dungeon on Feb 10, 2023.
             The game lasted 00:27:27 (16291 turns).

tesmudgin the Cleaver (Minotaur Fighter)           Turns: 16291, Time: 00:27:27

Health: -4/70      AC: 15    Str: 23    XL:     8   Next: 76%
Magic:  7/7        EV:  8    Int:  5    God:
Gold:   161        SH:  5    Dex: 10    Spells: 7/7 levels left

rFire   . . .      SeeInvis .   a - +0 war axe
rCold   + . .      Faith    .   c - +0 buckler
rNeg    . . .      Spirit   .   z - +3 chain mail {rC+}
rPois   .          Reflect  .   (helmet restricted)
rElec   .          Harm     .   (no cloak)
rCorr   .          Rampage  .   s - +0 pair of gloves
Will    .....                   (no boots)
Stlth   ..........              (no amulet)
HPRegen 0.21/turn               (no ring)
MPRegen 0.10/turn               (no ring)

@: weakened, mesmerised, studying Maces & Flails
A: horns 2, retaliatory headbutt
a: no special abilities


You were on level 6 of the Dungeon.
You visited 2 branches of the dungeon, and saw 7 of its levels.
You also visited: Sewer.

You collected 161 gold pieces.

Inventory:

Hand Weapons
 a - a +0 war axe (weapon)
Armour
 b - a +0 scale mail
 c - a +0 buckler (worn)
 q - a +3 ring mail
 s - a +0 pair of gloves (worn)
 u - a +0 plate armour
 z - a +3 chain mail of cold resistance (worn)
Jewellery
 h - a ring of fire
 m - a ring of fire
Wands
 p - a wand of mindburst (22)
 x - a wand of polymorph (6)
 B - a wand of charming (11)
Scrolls
 e - 9 scrolls of identify {unknown}
 i - 2 scrolls of magic mapping {unknown}
 j - 2 scrolls of fear {unknown}
 o - 2 scrolls of enchant armour {unknown}
 r - a scroll of immolation {unknown}
 t - 2 scrolls of blinking {unknown}
 v - a scroll of enchant weapon {unknown}
 y - a scroll of amnesia {unknown}
Potions
 d - 3 potions of might
 f - 4 potions of curing {unknown}
 g - 2 potions of resistance {unknown}
 k - 2 potions of invisibility {unknown}
 l - a potion of lignification {unknown}
 n - a potion of flight {unknown}
 w - a potion of mutation {unknown}
 A - a potion of haste {unknown}
 C - a potion of magic {unknown}


   Skills:
 + Level 6.3 Fighting
 + Level 9.6 Axes
 + Level 7.4 Armour
 + Level 2.5 Dodging
 + Level 1.2 Stealth
 + Level 5.1 Shields


You had 7 spell levels left.
You didn't know any spells.
Your spell library contained the following spells:

 Spells                   Type           Power      Damage    Failure   Level
 Sting                    Tmut/Pois      0%         1d3       99%         1
 Poisonous Vapours        Pois/Air       0%         N/A       100%        2
 Sublimation of Blood     Necr           0%         N/A       100%        2
 Wereblood                Tmut           0%         N/A       100%        2
 Olgreb's Toxic Radiance  Pois           0%         N/A       100%        4
 Summon Hydra             Summ           0%         N/A       100%        7


Dungeon Overview and Level Annotations

Branches:
Dungeon (6/15)             Temple (1/1) D:5           Sewer (visited)

Altars:
Ashenzari
Cheibriados
Dithmenos
Elyvilon
Fedhas
Gozag
Hepliaklqana
Kikubaaqudgha
Makhleb
Nemelex Xobeh
Okawaru
Qazlal
Ru
Sif Muna
Trog
Uskayaw
Vehumet
Wu Jian
Xom
Yredelemnul
Zin

Shops:
D:6 (

Annotations:
D:5 Sigmund
D:6 Maggie


Innate Abilities, Weirdness & Mutations

You have a pair of horns on your head.
You reflexively headbutt those who attack you in melee.


Message History

You slash the orc!
You kill the orc!
You slash the orc!
You kill the orc!
The gnoll hits you but does no damage.
You open the door.
The ogre hits you with a +0 giant club!!
You hear a shout!
The ogre attacks as you move away!
The ogre hits you with a +0 giant club!!
* * * LOW HITPOINT WARNING * * *
Maggie the Vainglorious comes into view.
She is wielding a +1 long sword of flaming.
There is an open door, spattered with blood here.
You hit Maggie but do no damage.
You hit the gnoll bouda but do no damage.
The gnoll bouda barks out a call to the hunt!
Maggie casts a spell.
Maggie attempts to bespell you!
You are mesmerised by Maggie!
You hit Maggie but do no damage. You hit the gnoll bouda.
The gnoll bouda hits you with a +0 club.
* * * LOW HITPOINT WARNING * * *
Maggie hits you with a +1 long sword of flaming.
* * * LOW HITPOINT WARNING * * *
Maggie burns you.
* * * LOW HITPOINT WARNING * * *
You hit Maggie.
Maggie is lightly wounded.
You slash the gnoll bouda!
The gnoll bouda gazes fiercely through you!
You feel your attacks grow feeble.
The gnoll bouda hits you with a +0 club.
* * * LOW HITPOINT WARNING * * *
Maggie misses you. You furiously retaliate!
You headbutt Maggie.
The gnoll hits you from afar with a +0 spear.
* * * LOW HITPOINT WARNING * * *
You slash Maggie! You headbutt Maggie, but do no damage.
Maggie is moderately wounded.
You hit the gnoll bouda. You hit the gnoll. The gnoll hits you with a +0 club.
You die...

................
#......................
#......................
#......................
#...............##.....
#...............#######
##..............)+.#####
#.....@.g........#......
#@#...............
#g#...............
#Og...............
#.....#########...
#............#....
#..............(..
#####))...........
......))............
............>.......


You could see Maggie (mesmerising), an ogre, a gnoll bouda and 2 gnolls.

Vanquished Creatures
  Menkaure (D:5)
  Edmund (D:6)
  A water moccasin (Sewer)
  An ice beast (D:6)
  4 phantoms
  Blork the orc (D:5)
  A gnoll sergeant (D:5)
  3 necrophages
  A scorpion (D:5)
  A water moccasin zombie (D:4)
  A hound (D:5)
  A jelly (D:5)
  3 orc priests (D:4)
  A scorpion zombie (D:4)
  2 iguanas (D:5)
  5 orc wizards
  2 river rats (D:5)
  8 adders
  2 shadow imps
  3 white imps
  An ufetubus (D:5)
  A worm (D:5)
  A dart slug (D:1)
  27 orcs
  2 bats
  6 endoplasms
  6 giant cockroaches
  6 goblins
  4 hobgoblins
  A jackal (Sewer)
  4 quokkas
  5 ball pythons
  2 frilled lizards
  4 kobolds
  8 rats
121 creatures vanquished.

Vanquished Creatures (others)
  6 plants
6 creatures vanquished.

Grand Total: 127 creatures vanquished

Notes
Turn   | Place    | Note
-------+----------+-------------------------------------------
     0 | D:1      | tesmudgin the Minotaur Fighter began the quest for the Orb.
     0 | D:1      | Reached XP level 1. HP: 19/19 MP: 0/0
   163 | D:1      | Reached XP level 2. HP: 20/27 MP: 1/1
   637 | D:1      | Found a faded altar of an unknown god.
  1050 | D:2      | Reached XP level 3. HP: 30/33 MP: 2/2
  1574 | D:2      | Reached skill level 3 in Axes
 10974 | D:2      | Glimpsed the power of Zot.
 11474 | D:2      | Glimpsed the power of Zot.
 11874 | D:2      | Glimpsed the power of Zot.
 11974 | D:2      | Touched by the power of Zot.
 11975 | D:2      | Glimpsed the power of Zot.
 12761 | D:3      | Reached XP level 4. HP: 31/32 MP: 3/3
 12845 | D:4      | Reached skill level 5 in Armour
 12884 | D:4      | Reached XP level 5. HP: 5/45 MP: 4/4
 13195 | D:4      | Reached skill level 4 in Axes
 13408 | D:4      | Found a transporter.
 13430 | D:4      | Found a transporter.
 13766 | D:4      | Reached skill level 1 in Dodging
 13766 | D:4      | Reached XP level 6. HP: 42/53 MP: 5/5
 13893 | D:4      | Reached skill level 5 in Axes
 13910 | D:4      | Found a basalt altar of Yredelemnul.
 14046 | D:4      | Found a shimmering blue altar of Sif Muna.
 14298 | D:5      | Entered Level 5 of the Dungeon
 14299 | D:5      | Noticed Menkaure
 14303 | D:5      | Killed Menkaure
 14304 | D:5      | Reached skill level 6 in Axes
 14304 | D:5      | Reached XP level 7. HP: 32/60 MP: 6/6
 14315 | D:5      | Reached skill level 5 in Fighting
 14560 | D:5      | Noticed Sigmund
 14561 | D:5      | Found a radiant altar of Vehumet.
 14599 | D:5      | Found a bloodstained altar of Trog.
 14628 | D:5      | Reached skill level 7 in Axes
 14642 | D:5      | Noticed Blork the orc
 14650 | D:5      | Killed Blork the orc
 14714 | D:5      | Found a glowing drain.
 14728 | D:5      | Reached skill level 1 in Stealth
 14742 | Sewer    | Entered a sewer
 14875 | Sewer    | Reached XP level 8. HP: 25/69 MP: 7/7
 15236 | D:5      | Found a staircase to the Ecumenical Temple.
 15267 | Temple   | Entered the Ecumenical Temple
 15381 | D:5      | Reached skill level 8 in Axes
 15629 | D:5      | Reached skill level 5 in Shields
 15634 | D:5      | Found a glowing silver altar of Zin.
 15634 | D:5      | Noticed an angel
 15696 | D:5      | Found a broken altar of Ashenzari.
 16041 | D:6      | Found Naawagoi's Antique Weapon Shoppe.
 16060 | D:6      | Noticed Edmund
 16064 | D:6      | Reached skill level 9 in Axes
 16078 | D:6      | Killed Edmund
 16287 | D:6      | Noticed Maggie
 16290 | D:6      | HP: 3/70 [gnoll bouda/+0 club (6)]
 16290 | D:6      | HP: 1/70 [gnoll/+0 spear[a gnoll bouda] (2)]
 16291 | D:6      | Slain by a gnoll

Illustrated notes

Levels and vault maps discovered:
D:1:      shiori_arrival_oz, layout_basic, ebering_ecumenical_altar_ruins
D:2:      layout_loops_ring, basic_altar, kennysheep_nondescript
D:3:      layout_basic, serial_bayou, serial_bayou_ford_a,
          serial_bayou_lagoon_a, serial_bayou_shore_b, serial_bayou_shore_b,
          minmay_tree_intersection, st_stairs_3
D:4:      gammafunk_wand_slinger, layout_loops_ring,
          mainiacjoe_overflow_small_starburst, lemuel_zombie_altar_yredelemnul
D:5:      layout_basic, nicolae_overflow_hidden_temple, zin_angel,
          minmay_temple_entry_ruins, portal_sewer_entry_b, minmay_manual_mess,
          uniq_menkaure, uniq_blork_the_orc, uniq_sigmund
D:6:      layout_basic, tso_altar, serial_shops, kennysheep_little_box,
          st_stairs_10, grunt_ministairs_7, minmay_misc_feat_chi, uniq_maggie,
          uniq_edmund
Temple:   nicolae_temple_no_exploring_needed

Skill      XL: |  1  2  3  4  5  6  7  8 |
---------------+-------------------------+-----
Fighting       | 4 5 6 |  6.3
Shields        | 4 5 |  5.1
Armour         | 4 5 6 7 |  7.4
Axes           | 3 4 6 7 9 |  9.6
Dodging        | 1 2 |  2.5
Stealth        | 1 |  1.2

Action                   |  1- 3 |  4- 6 |  7- 9 || total
-------------------------+-------+-------+-------++-------
Melee: War axe           |    90 |    78 |   131 ||   299
       Headbutt          |    11 |     8 |    25 ||    44
Armor: Scale mail        |    53 |    22 |       ||    75
       Ring mail         |       |    15 |     7 ||    22
       Plate armour      |       |       |    47 ||    47
       Chain mail        |       |       |     4 ||     4
Dodge: Dodged            |    66 |    49 |    49 ||   164
Block: Buckler           |    23 |     9 |    30 ||    62
